 Dungeon Crawl Stone Soup version 0.32-a0-961-gd60f5e5fc7 (webtiles) character file.

Game seed: 3921093890798710240

94 ezpacito the Trooper (level 4, 35/35 HPs)
             Began as a Coglin Chaos Knight on Apr 18, 2024.
             Was a Plaything of Xom.
             Quit the game on level 3 of the Dungeon.
             The game lasted 00:01:58 (1908 turns).

ezpacito the Trooper (Coglin Chaos Knight)          Turns: 1908, Time: 00:01:59

Health: 35/35      AC:  8    Str: 14    XL:     4   Next: 63%
Magic:  4/4        EV: 11    Int: 12    God:    Xom [....*.]
Gold:   152        SH:  0    Dex: 13    Spells: 4/4 levels left

rFire   . . .        a - +0 hand axe (chaos) {Seojun}
rCold   + . .        d - +0 dagger {Arun}
rNeg    . . .        b - +2 leather armour
rPois   .            (helmet restricted)
rElec   .            e - +1 cloak
rCorr   .            g - +0 pair of gloves
SInv    .            (no boots)
Will    .....        (amulet unavailable)
Stlth   +            (ring unavailable)
HPRegen 0.25/turn    (ring unavailable)
MPRegen 0.09/turn    (no gizmo)

%: no passive effects
@: no status effects
A: off-hand wielding, slow wielding, warmup strikes, no jewellery, horns 1, cold
resistance 1, mutation resistance 1, sturdy frame 1
a: Invent Gizmo, Renounce Religion


You were on level 3 of the Dungeon.
You worshipped Xom.
You were a beloved toy of Xom.
You visited 1 branch of the dungeon, and saw 3 of its levels.

You collected 152 gold pieces.

Inventory:

Hand Weapons
 a - a +0 hand axe of chaos (weapon) {Seojun}
 d - a +0 dagger (offhand) {Arun}
Missiles
 f - 8 poisoned darts (quivered)
 q - 3 boomerangs
Armour
 b - a +2 leather armour (worn)
 e - a +1 cloak (worn)
 g - a +0 pair of gloves (worn)
Magical Staves
 h - a staff of fire
Scrolls
 c - a scroll of butterflies
 o - 2 scrolls of amnesia
 t - 3 scrolls of teleportation
Potions
 i - a potion of brilliance {unknown}
 j - a potion of attraction {unknown}
 k - a potion of lignification {unknown}
 l - a potion of curing {unknown}
 n - a potion of heal wounds {unknown}


   Skills:
 * Level 3.5 Fighting
 * Level 3.4(3.6) Axes
 * Level 1.1(2.2) Polearms
 + Level 0.2 Throwing
 * Level 2.3 Armour
 * Level 1.5 Dodging
 + Level 0.3 Stealth
 + Level 0.1 Unarmed Combat
 + Level 0.6 Spellcasting
 + Level 0.3 Evocations


You had 4 spell levels left.
You didn't know any spells.
Your spell library contained the following spells:

 Spells                   Type           Power      Damage    Failure   Level
 Static Discharge         Conj/Air       0%         3-3/arc   45%         2
 Fugue of the Fallen      Necr           0%         N/A       69%         3
 Hailstorm                Conj/Ice       0%         3d5       69%         3
 Ozocubu's Armour         Ice            0%         N/A       69%         3
 Summon Ice Beast         Ice/Summ       0%         N/A       69%         3
 Airstrike                Air            0%         2d(0-16)  97%         4
 Summon Lightning Spire   Summ/Air       0%         N/A       97%         4
 Permafrost Eruption      Ice/Erth       0%         2x4d1     100%        6
 Sculpt Simulacrum        Ice/Alch       0%         N/A       100%        6
 Manifold Assault         Tloc           0%         N/A       100%        7
 Chain Lightning          Conj/Air       0%         N/A       100%        9
 Fire Storm               Conj/Fire      0%         5d1       100%        9
 Shatter                  Erth           0%         3d5*      100%        9


Dungeon Overview and Level Annotations

Branches:
Dungeon (3/15)

Altars:
Cheibriados


Innate Abilities, Weirdness & Mutations

You can wield a second weapon in your off-hand.
It takes a long time for you to wield or remove held weapons.
Your first few attacks do less damage.
You cannot equip rings or amulets.
You have a pair of small horns on your head.
Your flesh is cold resistant. (rC+)
You are somewhat resistant to further mutation.
Your movements are slightly less encumbered by armour. (ER -2)


Message History

You hit the adder with your +0 dagger.
You kill the adder!
You hit the rat but do no damage.
The rat seems to speed up.
Xom thinks this is hilarious!
You feel sick. The rat bites you but does no damage.
You take 1 damage, and have 31/35 hp.
You hit the giant cockroach with your +0 hand axe of chaos.
You burn the giant cockroach.
The giant cockroach is heavily wounded.
You hit the rat with your +0 hand axe of chaos.
You kill the rat!
You barely miss the giant cockroach with your +0 dagger.
You feel sick.
The giant cockroach barely misses you. x2
You take 1 damage, and have 30/35 hp.
You hit the giant cockroach but do no damage.
The giant cockroach seems to grow stronger.
The giant cockroach is heavily wounded.
You hit the giant cockroach with your +0 dagger.
You feel sick.
The giant cockroach waves its antennae.
The giant cockroach misses you.
You take 1 damage, and have 29/35 hp.
A giant cockroach is nearby!
You hit the giant cockroach with your +0 dagger.
You kill the giant cockroach!
You feel sick.
You take 1 damage, and have 28/35 hp.
You hear the rapid rusting of a distant drain.
You feel sick.
You are no longer poisoned.
You hear the rapid rusting of a distant drain.
You see here a giant cockroach corpse.
You pick up a book of Storms and begin reading...
You add the spells Static Discharge, Airstrike and Summon Lightning Spire to your library.
Health restored: 35 You now have 152 gold pieces (gained 3).
You hear the drain falling apart.
You open the door.
A ball python comes into view.
Are you sure you want to abandon this character and quit the game? (Confirm with "yes".)

#.# ##.# #..# #.##
#.# #.#
##########.########
#..................
#..........@######.
#...........'..S.#
###
#...........####.#
..# ##††.####.#.#
#.## ##.### #.#.#
#..###..# #.#..
....##.## #.#.##
....##'####### #.#
..............


You could see a ball python (asleep).

Vanquished Creatures
  A hound (D:3)
  An adder (D:3)
  A dart slug (D:1)
  3 ball pythons
  A bat (D:3)
  4 endoplasms
  5 giant cockroaches
  4 goblins
  A hobgoblin (D:1)
  11 jackals
  2 quokkas
  2 frilled lizards (D:1)
  4 kobolds
  8 rats
48 creatures vanquished.

Notes
Turn   | Place    | Note
-------+----------+-------------------------------------------
     0 | D:1      | ezpacito the Coglin Chaos Knight began the quest for the
                  | Orb.
     0 | D:1      | Reached XP level 1. HP: 18/18 MP: 1/1
    14 | D:1      | Reached skill level 1 in Dodging
    19 | D:1      | Reached XP level 2. HP: 24/24 MP: 2/2
   149 | D:1      | XOM: silly message
   200 | D:1      | XOM: silly message
   239 | D:1      | XOM: silly message
   561 | D:1      | XOM: silly message
   617 | D:1      | XOM: noise
   760 | D:1      | XOM: draining
   811 | D:2      | XOM: 8-stop teleportation journey
   887 | D:2      | Reached XP level 3. HP: 26/26 MP: 3/3
  1283 | D:3      | XOM: divination: detect creatures
  1338 | D:3      | XOM: cloud trail
  1362 | D:3      | XOM: give mutations
  1362 | D:3      | Gained mutation: Your movements are slightly less
                  | encumbered by armour. (ER -2) [Xom's grace]
  1362 | D:3      | Gained mutation: You are somewhat resistant to further
                  | mutation. [Xom's grace]
  1362 | D:3      | Gained mutation: You have a pair of small horns on your
                  | head. [Xom's grace]
  1362 | D:3      | Gained mutation: Your flesh is cold resistant. (rC+) [Xom's
                  | grace]
  1410 | D:3      | XOM: summons 2 hostile demons
  1574 | D:3      | Reached skill level 1 in Polearms
  1574 | D:3      | Reached XP level 4. HP: 20/35 MP: 4/4
  1672 | D:3      | Found a snail-covered altar of Cheibriados.
  1908 | D:3      | Quit the game

Illustrated notes

Levels and vault maps discovered:
D:1:      saegor_arrival_simple_a, layout_loops_ring
D:2:      layout_rooms
D:3:      layout_basic, lemuel_round_altar, cheibrodos_sewer_entry_bend,
          kennysheep_generic_room_5

Skill      XL: |  1  2  3 |
---------------+----------+-----
Dodging        | 1 |  1.5
Armour         | 2 |  2.3
Polearms       | 1 |  1.1
Fighting       | |  3.5
Axes           | |  3.4
Throwing       | |  0.2
Stealth        | |  0.3
Unarmed Combat | |  0.1
Spellcasting   | |  0.6
Evocations     | |  0.3

Action                     |  1- 3 |  4- 6 || total
---------------------------+-------+-------++-------
  Melee: Hand axe          |    93 |     8 ||   101
         Dagger            |    87 |    12 ||    99
         Headbutt          |     3 |     3 ||     6
    Use: Scroll            |       |     5 ||     5
   Stab: Sleeping          |     2 |       ||     2
 Armour: Leather armour    |    99 |     6 ||   105
  Dodge: Dodged            |   101 |     6 ||   107

Table legend: (Time is in decaauts)
 A = Elapsed time spent in this place.
 B = Non-inter-level travel time spent in this place.
 C = Inter-level travel time spent in this place.
 D = Time resting spent in this place.
 E = Time spent auto-exploring this place.
 F = Levels seen in this place.
 G = Mean time per level.
                   A        B        C        D        E       F      G
               +--------+--------+--------+--------+--------+-----+--------+
         Total |   1915 |   1815 |    100 |      0 |   1523 |   3 |  638.3 |
       Dungeon |   1915 |   1815 |    100 |      0 |   1523 |   3 |  638.3 |
               +--------+--------+--------+--------+--------+-----+--------+

Top non-repeatable levels by time:
     D:1: 776 daAuts
     D:3: 675 daAuts
     D:2: 463 daAuts
